Map: Data-C

Players

Andrew - Winner!

  • Race: Protoss Protoss
  • League: Diamond
  • Spawn Location: 9:00

Angel

  • Race: Terran Terran
  • League: Diamond
  • Spawn Location: 3:00

VOD

Have the link to the VOD?

Description

Time

  • Played on: Dec. 18, 2022, 7:05 a.m.
  • Length: 17:29
Show
View Real Time Build Order
Export as new Build Order

Andrew Protoss - Winner!

Build Orders: 1 Gate Expand 

Get SALT Encoding   

  12  0:00  Probe  
  13  0:12  Probe  
  14  0:17  Pylon  
  14  0:25  Probe (Chrono Boost)  
  15  0:37  Probe (Chrono Boost)  
  15  0:38  Gateway  
  16  0:44  Probe (Chrono Boost)  
  16  0:47  Assimilator  
  17  0:52  Probe  
  18  1:04  Probe  
  19  1:22  Nexus  
  19  1:25  Probe  
  20  1:44  Cybernetics Core  
  20  1:48  Probe  
  20  1:52  Assimilator  
  20  1:53  Pylon  
  21  2:01  Probe  
  22  2:18  Probe, Stalker (Chrono Boost)  
  22  2:21  Warp Gate  
  25  2:30  Probe  
  26  2:40  Probe, Stalker  
  26  2:42  Probe  
  30  2:51  Gateway  
  30  2:52  Probe (Chrono Boost)  
  30  2:54  Probe (Chrono Boost)  
  32  3:04  Probe (Chrono Boost)  
  34  3:06  Probe (Chrono Boost)  
  34  3:10  Stalker  
  34  3:12  Probe (Chrono Boost)  
  36  3:15  Probe (Chrono Boost)  
  36  3:18  Probe  
  37  3:26  Probe  
  38  3:30  Probe  
  39  3:35  Twilight Council  
  39  3:38  Probe  
  40  3:42  Probe  
  41  3:51  Probe  
  41  3:54  Probe  
  41  3:57  Gateway  
  41  3:59  Gateway  
  41  4:02  Pylon  
  41  4:04  Probe (Chrono Boost)  
  41  4:07  Probe (Chrono Boost)  
  43  4:10  Pylon  
  43  4:16  Probe (Chrono Boost)  
  45  4:18  Probe (Chrono Boost)  
  45  4:21  Probe (Chrono Boost)  
  45  4:22  Probe (Chrono Boost)  
  45  4:23  Blink (Chrono Boost)  
  47  4:29  Probe, Stalker x2  
  52  4:33  Probe  
  52  4:34  Pylon  
  52  4:38  Pylon  
  53  4:41  Pylon  
  53  4:42  Probe  
  53  4:45  Probe  
  54  4:57  Probe  
  54  4:58  Probe  
  56  5:02  Stalker  
  56  5:03  Stalker x3  
  64  5:10  Probe  
  65  5:18  Probe  
  66  5:22  Probe  
  66  5:26  Pylon  
  66  5:28  Gateway  
  67  5:29  Gateway  
  67  5:31  Pylon, Gateway  
  63  5:42  Stalker x4  
  65  5:45  Shield Battery x2  
  65  5:57  Charge (Chrono Boost)  
  65  5:59  Probe x2  
  65  6:11  Probe x2, Zealot x4  
  71  6:35  Stalker x2  
  71  6:36  Stalker x5  
  71  6:53  Probe x2  
  72  7:05  Probe x2  
  74  7:09  Nexus  
  74  7:10  Pylon  
  74  7:17  Gateway  
  74  7:18  Gateway  
  74  7:19  Probe x2  
  74  7:21  Gateway  
  76  7:25  Stalker x5  
  76  7:26  Stalker  
  88  7:31  Probe  
  88  7:36  Assimilator  
  89  7:40  Assimilator  
  89  8:03  Probe x2  
  91  8:06  Zealot x2  
  91  8:07  Zealot x5  
  105  8:13  Gateway  
  105  8:15  Probe x2  
  105  8:17  Forge  
  107  8:20  Forge, Pylon  
  107  8:22  Pylon  
  105  8:29  Zealot x4  
  105  8:30  Zealot  
  115  8:46  Stalker x4  
  123  9:01  Protoss Ground Armor Level 1 (Chrono Boost), Protoss Ground Weapons Level 1 (Chrono Boost)  
  123  9:06  Probe x2  
  125  9:14  Assimilator  
  125  9:19  Assimilator  
  125  9:21  Templar Archives  
  125  9:38  Zealot x7  
  133  9:43  Pylon  
  133  9:44  Pylon  
  133  9:46  Pylon  
  133  9:48  Pylon  
  133  10:00  Pylon  
  133  10:03  Pylon  
  133  10:05  Shield Battery  
  133  10:06  Shield Battery  
  127  10:09  Zealot x6  
  127  10:10  Zealot x5  
  127  10:40  Stalker x9  
  127  10:41  Stalker  
  145  10:58  Probe, Zealot  
  145  10:59  Probe x2  
  145  11:02  Psionic Storm  
  150  11:05  High Templar  
  150  11:06  High Templar x2  
  150  11:08  High Templar  
  150  11:10  Archon  
  150  11:11  Protoss Ground Weapons Level 2 (Chrono Boost), Protoss Ground Armor Level 2 (Chrono Boost)  
  158  11:12  Nexus  
  158  11:16  Assimilator, Archon  
  142  11:18  Assimilator  
  138  11:34  Probe  
  138  11:35  Probe x2  
  141  11:41  High Templar x5  
  141  11:42  Zealot x3  
  141  11:45  Archon x2  
  157  11:50  High Templar  
  159  12:10  Pylon, High Templar  
  159  12:11  High Templar  
  159  12:12  Zealot x3  
  159  12:13  Zealot x5  
  179  12:25  Stalker  
  181  12:50  Zealot  
  181  12:51  Zealot x8  
  115  13:35  Archon  
  115  13:38  Zealot x10  
  115  13:39  Zealot  
  117  13:56  Protoss Ground Armor Level 3 (Chrono Boost), Protoss Ground Weapons Level 3 (Chrono Boost)  
  117  13:57  Gateway  
  117  13:58  Gateway  
  117  13:59  Zealot  
  117  14:00  Zealot x10  
  139  14:08  Gateway  
  139  14:09  Gateway  
  139  14:13  Gateway  
  139  14:15  Gateway x2  
  139  14:27  Pylon  
  131  14:50  High Templar x3  
  131  14:51  High Templar x2  
  131  14:52  High Templar x3  
  139  14:53  High Templar x3  
  139  14:54  High Templar  
  139  14:55  High Templar  
  143  15:12  Probe x2  
  143  15:13  Zealot x5  
  147  15:15  Archon x2  
  147  15:16  Archon  
  131  15:31  Zealot x2  
  131  15:32  Zealot x11  
  131  15:33  Zealot x2  
  148  16:05  High Templar x7  
  148  16:06  High Templar x6  
  173  16:15  Nexus  
  173  16:16  Archon  
  173  16:17  Archon x4  
  173  16:18  Archon  
  173  16:19  High Templar  
  173  16:20  Zealot x4  
  173  16:23  Archon  
  183  16:26  Probe x3  
  134  17:27  Zealot x6  
  134  17:28  Zealot x4  
Show
View Real Time Build Order
Export as new Build Order

Angel Terran 

Build Orders: Reaper Expand 

Get SALT Encoding   

  12  0:00  SCV  
  13  0:12  SCV  
  14  0:21  Supply Depot  
  14  0:24  SCV  
  15  0:37  Refinery  
  15  0:43  Barracks  
  15  0:45  SCV  
  16  0:57  SCV  
  17  1:09  SCV  
  18  1:31  Barracks Reactor, Orbital Command  
  18  1:44  Command Center  
  18  1:57  SCV  
  19  2:07  Reaper x2  
  21  2:09  SCV  
  21  2:12  Barracks  
  22  2:20  Barracks  
  22  2:21  SCV  
  23  2:32  Bunker  
  23  2:43  SCV  
  23  2:45  Supply Depot  
  23  3:06  SCV  
  23  3:10  Barracks Tech Lab x2  
  23  3:11  Marine x2  
  26  3:18  SCV  
  26  3:19  Orbital Command  
  26  3:29  Marine x2  
  26  3:30  SCV  
  28  3:42  SCV  
  28  3:49  Marine x4  
  28  3:50  Combat Shield, Stimpack  
  28  3:52  SCV  
  28  3:55  SCV  
  34  4:04  SCV, Refinery  
  34  4:07  SCV  
  34  4:08  Marauder x2  
  40  4:16  SCV  
  41  4:19  SCV  
  41  4:22  Supply Depot  
  41  4:23  Marine x2  
  44  4:25  Supply Depot  
  44  4:28  SCV, Marine  
  46  4:39  Supply Depot  
  46  4:41  Supply Depot  
  46  4:43  Marine  
  46  4:44  SCV x2  
  49  4:47  Factory  
  49  4:56  SCV x2  
  49  4:58  Marine  
  49  4:59  Marine, Marauder  
  54  5:02  Marauder  
  56  5:08  SCV x2  
  58  5:16  Marine  
  58  5:20  SCV x2  
  58  5:21  Marine, Marauder  
  63  5:22  Marine, Concussive Shells  
  63  5:27  Refinery  
  64  5:34  Marine  
  63  5:41  Marine, Marauder  
  67  5:43  Marauder  
  67  5:44  SCV x2  
  67  5:45  Factory Tech Lab  
  67  5:49  Refinery  
  69  5:52  Marine  
  69  5:56  SCV x2  
  72  5:59  Marine  
  72  6:02  Marauder  
  77  6:04  Marauder  
  77  6:08  SCV x2  
  77  6:10  Marine  
  78  6:11  Starport  
  78  6:13  Siege Tank  
  78  6:16  Marine  
  81  6:20  SCV  
  81  6:24  Marauder  
  81  6:25  Marauder  
  81  6:27  Marine  
  77  6:34  Marine  
  70  6:45  Marine, Marauder  
  73  6:47  Marauder  
  73  6:48  Command Center  
  73  6:52  Marine  
  75  6:55  Starport Reactor  
  75  6:59  SCV x2  
  73  7:03  Marine  
  73  7:06  Marauder  
  78  7:08  Marauder  
  78  7:10  Marine  
  78  7:15  Barracks  
  76  7:16  Barracks  
  76  7:21  Marine  
  77  7:24  SCV x2  
  77  7:27  Marine  
  77  7:28  Marine  
  83  7:30  Marauder, Factory Tech Lab  
  83  7:32  Medivac  
  83  7:36  SCV x2  
  85  7:39  Marine  
  86  7:57  Supply Depot  
  86  7:59  Medivac, Marine x2, SCV x2  
  86  8:00  Marauder x2  
  86  8:02  Medivac  
  86  8:03  Barracks Reactor, Supply Depot  
  86  8:05  Barracks Reactor, Supply Depot  
  98  8:11  SCV  
  99  8:17  Marine x2  
  101  8:20  Marine  
  101  8:21  Marauder  
  104  8:29  Medivac  
  104  8:32  Orbital Command  
  104  8:33  SCV  
  107  8:34  SCV  
  107  8:35  Marine x2  
  107  8:39  Marauder  
  112  8:42  Marine  
  112  8:45  SCV  
  112  8:46  SCV, Medivac  
  117  8:52  Marine x2  
  119  9:00  Marauder x2  
  119  9:01  Marine x2  
  119  9:02  Marine  
  122  9:03  Marine  
  122  9:05  SCV x3  
  120  9:10  Marine x2  
  120  9:16  Siege Tank  
  125  9:17  SCV x2  
  125  9:18  SCV  
  125  9:19  Marine x2  
  125  9:20  Command Center  
  125  9:22  Marauder  
  125  9:23  Marauder  
  132  9:25  Supply Depot  
  132  9:27  Supply Depot  
  130  9:36  Marine  
  130  9:37  Marine x2  
  133  9:47  Marine x3, Marauder x2  
  140  9:54  Marine x2  
  140  9:58  Engineering Bay  
  142  10:04  Engineering Bay  
  140  10:08  Marine, Marauder x2  
  140  10:09  Marine x3  
  140  10:12  Marine x2  
  149  10:26  Marine  
  149  10:27  Marine x3  
  149  10:29  Marine  
  149  10:30  Marine  
  149  10:31  Marine  
  149  10:32  Marauder  
  142  10:37  Supply Depot x2  
  142  10:39  Supply Depot  
  142  10:40  Supply Depot  
  137  10:44  Marine  
  137  10:45  Marine x3  
  137  10:48  Marine, Marauder  
  138  10:53  Marauder  
  126  10:59  SCV x3  
  126  11:00  Marine  
  126  11:01  Siege Tank  
  126  11:02  Medivac, Marine x3  
  126  11:03  Marine  
  139  11:05  Medivac, Marine  
  139  11:08  Refinery  
  139  11:09  Marauder, Refinery  
  139  11:10  Planetary Fortress  
  142  11:11  SCV x3  
  142  11:13  Refinery  
  142  11:14  Refinery  
  142  11:15  Marauder  
  143  11:23  SCV  
  143  11:24  SCV  
  145  11:26  Marine  
  145  11:27  Marine x5  
  145  11:29  SCV  
  145  11:30  Marauder  
  145  11:31  Terran Infantry Weapons Level 1  
  145  11:32  Medivac  
  156  11:35  SCV, Medivac  
  156  11:36  Terran Infantry Armor Level 1, Marauder  
  156  11:39  Armory  
  161  11:44  Marine x6  
  161  11:46  SCV x2  
  169  11:47  SCV  
  169  11:52  Marauder  
  172  11:57  SCV, Marine  
  172  11:58  SCV x2  
  172  11:59  Sensor Tower  
  172  12:00  Sensor Tower  
  172  12:01  Siege Tank  
  179  12:02  Medivac, Marine x4  
  185  12:13  Marine x2, Marauder  
  191  12:15  Marauder  
  191  12:17  Sensor Tower  
  191  12:19  Marine  
  191  12:20  Marine x2  
  194  12:28  Marine  
  195  12:31  Marine  
  195  12:33  Terran Vehicle Weapons Level 1  
  195  12:36  Marine  
  195  12:37  Marine, Marauder  
  199  12:39  Supply Depot x3  
  199  12:41  Supply Depot  
  199  12:42  Supply Depot  
  190  12:46  Marine  
  190  12:50  Marine x3, Marauder  
  196  12:54  Marine  
  196  12:57  Siege Tank  
  200  13:04  Command Center  
  105  13:37  Marine  
  105  13:38  Marine x5, Marauder x2  
  98  13:42  SCV x4  
  98  13:43  Refinery  
  100  13:49  Medivac  
  100  13:50  Medivac  
  100  13:51  Siege Tank  
  100  13:54  SCV  
  108  13:55  Marine x2  
  108  13:56  Marine x4  
  108  13:58  SCV x3  
  108  13:59  Marauder  
  108  14:00  Marauder  
  121  14:02  Sensor Tower  
  121  14:06  SCV  
  122  14:13  Marine x3  
  122  14:14  Marine x3  
  122  14:17  Refinery x2  
  128  14:19  Medivac  
  128  14:20  Medivac  
  128  14:21  Marauder x2  
  136  14:29  Terran Infantry Weapons Level 2  
  136  14:30  Terran Infantry Armor Level 2  
  136  14:31  Marine x5  
  136  14:32  Marine  
  135  14:42  Marauder  
  135  14:43  Marauder  
  132  14:49  Medivac, Marine  
  132  14:50  Medivac  
  127  14:58  Marine  
  127  14:59  Marine x3  
  122  15:00  Marine  
  122  15:04  Marauder x2  
  122  15:07  Marine  
  105  15:16  Marine x2  
  105  15:17  Marine x3  
  105  15:19  Medivac  
  105  15:20  Medivac  
  106  15:24  Marine  
  106  15:25  Marauder x2  
  102  15:34  Marine x3  
  102  15:35  Marine x2  
  106  15:39  Siege Tank  
  106  15:42  Marine  
  111  15:46  Marauder  
  111  15:47  Marauder  
  115  15:52  Marine x4  
  115  15:53  Marine  
  115  15:54  Command Center  
  120  16:00  Marine  
  121  16:07  Marine  
  121  16:08  Marauder  
  121  16:10  Marine x4  
  121  16:11  Marine, Siege Tank  
  128  16:18  Marine  
  133  16:19  Command Center  
  133  16:20  Ghost Academy  
  133  16:25  Marine  
  133  16:27  Marine  
  133  16:28  Marine x3  
  133  16:29  Marine x2  
  133  16:30  Barracks x2  
  140  16:36  Marine  
  141  16:43  Marine, Siege Tank  
  141  16:45  Marine  
  141  16:46  Marine  
  129  16:57  Marine x4  
  129  16:58  Marine  
  125  17:01  Marauder  
  125  17:03  Marine  
  125  17:05  Marauder  
Tags
 
Add a new tag
Caveats
  • Supply blocks, unpowered buildings, or Contaminate may cause inaccurate times.
  • Supply counts are checked every 10 seconds.